 Dungeon Crawl Stone Soup version 0.29-a0-824-gd827844252 (webtiles) character file.

Game seed: 3562555260649288340

13877 Conn the Arsonist (level 12, -8/108 HPs)
             Began as an Octopode Fire Elementalist on July 10, 2022.
             Was an Elder of Sif Muna.
             Mangled by a catoblepas (22 damage)
             ... in a Gauntlet.
             The game lasted 01:04:57 (13502 turns).

Conn the Arsonist (Octopode Fire Elementalist)     Turns: 13502, Time: 01:05:01

Health: -8/108     AC: 26    Str:  7 (9)  XL:     12   Next: 10%
Magic:  35/36      EV:  2    Int: 18 (21) God:    Sif Muna [****..]
Gold:   1009       SH:  5    Dex: 11 (12) Spells: 16/33 levels left

rFire   + + +      SeeInvis .   L - +6 battleaxe of Profit {vorpal, rF+ rC++}
rCold   + . .      Faith    .   (shield currently unavailable)
rNeg    . . .      Spirit   .   (helmet currently unavailable)
rPois   +          Reflect  +   R - amulet of reflection
rElec   .          Harm     .   s - ring of magical power
rCorr   +          Rampage  .   v - ring of willpower
Will    +....      NoTele   +   D - +4 ring of evasion
Stlth   +++.......              G - ring of fire
HPRegen 0.28/turn               M - ring of protection from fire
MPRegen 0.25/turn               S - ring of resist corrosion
                                (no ring)
                                (no ring)

@: mighty, tree-form, hasted, very quick
A: stationary, stasis, torment immunity, boosted hp, almost no armour,
(amphibious), 8 rings, (camouflage 1), (gelatinous body 1), (nimble swimmer 1),
(tentacles)
a: Renounce Religion, Channel Magic, Forget Spell, Divine Exegesis


You were in a Gauntlet.
You worshipped Sif Muna.
Sif Muna was greatly pleased with you.
You were a tree.
You visited 2 branches of the dungeon, and saw 12 of its levels.
You also visited: Sewer, Bailey and Gauntlet.

You collected 1009 gold pieces.

Inventory:

Hand Weapons
 d - a +2 whip of flaming
 l - the +8 hand axe of Vixeji Witzi {chaos, Dex+6}
   (You found it on level 7 of the Dungeon)

   Each time it hits an enemy it has a different, random effect.
   Dex:       It affects your dexterity (+6).
 r - a +2 falchion of freezing
 L - the +6 battleaxe of Profit (weapon) {vorpal, rF+ rC++}
   (You found it in a bailey)

   It inflicts extra damage upon your enemies.
   rF:        It protects you from fire.
   rC:        It greatly protects you from cold.
Missiles
 B - 6 curare-tipped darts
Armour
 u - a +1 hat
 K - the +1 hat of Urumeda (melded) {rPois rN+ Regen+}
   (You acquired it in a bailey)

   rPois:     It protects you from poison.
   rN:        It protects you from negative energy.
   Regen:     It increases your rate of health regeneration.
 Q - a +1 buckler
Magical Staves
 o - a staff of poison
 C - a staff of air
Jewellery
 s - a ring of magical power (left branch)
 v - a ring of willpower (right branch)
 D - a +4 ring of evasion (on tentacle)
 F - an amulet of the acrobat
 G - a ring of fire (on tentacle)
 M - a ring of protection from fire (on tentacle)
 R - an amulet of reflection (around neck)
 S - a ring of resist corrosion (on tentacle)
Wands
 w - a wand of flame (24)
 N - a wand of mindburst (3)
 O - a wand of roots (8)
Scrolls
 b - a scroll of immolation
 e - 3 scrolls of blinking
 f - 8 scrolls of fog
 g - 2 scrolls of magic mapping
 h - 5 scrolls of teleportation
 p - a scroll of brand weapon
 q - 2 scrolls of enchant weapon
 z - a scroll of enchant armour
 A - a scroll of poison
Potions
 a - 4 potions of magic
 c - a potion of might
 i - 3 potions of mutation
 j - 5 potions of resistance
 k - a potion of haste
 n - 2 potions of lignification
 t - 8 potions of curing
 x - 3 potions of degeneration
 E - a potion of berserk rage {unknown}
 H - a potion of brilliance {unknown}
 P - a potion of flight {unknown}
 T - a potion of attraction {unknown}


   Skills:
 + Level 2.5 Fighting
 + Level 2.3 Long Blades
 + Level 0.5(0.9) Axes
 + Level 1.0(1.1) Maces & Flails
 + Level 0.1(0.5) Staves
 + Level 3.0 Dodging
 + Level 5.6 Stealth
 + Level 0.3 Shields
 + Level 11.2 Spellcasting
 * Level 6.5 Conjurations
 + Level 2.8 Hexes
 + Level 11.6 Fire Magic
 * Level 4.1 Invocations
 + Level 0.2 Evocations


You had 16 spell levels left.
You knew the following spells:

 Your Spells              Type           Power      Damage    Failure   Level
a - Foxfire               Conj/Fire      100%       2x1d9     1%          1
b - Conjure Flame         Conj/Fire      59%        6-21      1%          3
c - Inner Flame           Hex/Fire       52%        N/A       1%          3
d - Flame Wave            Conj/Fire      59%        2d11      1%          4
e - Scorch                Fire           100%       2d10      1%          2
f - Cause Fear            Hex            10%        N/A       22%         4

Your spell library contained the following spells:

 Spells                   Type           Power      Damage    Failure   Level
 Sting                    Tmut/Pois      40%        1d5       7%          1
 Tukima's Dance           Hex            20%        N/A       7%          3
 Poisonous Vapours        Pois/Air       20%        N/A       11%         2
 Leda's Liquefaction      Hex/Erth       7%         N/A       36%         4
 Olgreb's Toxic Radiance  Pois           10%        N/A       56%         4
 Passage of Golubria      Tloc           10%        N/A       56%         4
 Yara's Violent Unravell  Hex/Tmut       7%         3d5       73%         5
 Lee's Rapid Deconstruct  Erth           5%         3d7*      89%         5
 Conjure Ball Lightning   Conj/Air       10%        3x3d6     96%         6
 Statue Form              Tmut/Erth      6%         N/A       100%        6
 Dragon Form              Tmut           5%         N/A       100%        7
 Discord                  Hex            10%        N/A       100%        8
 Disjunction              Tloc           5%         N/A       100%        8
 Dragon's Call            Summ           5%         N/A       100%        9


Dungeon Overview and Level Annotations

Branches:
Dungeon (11/15)            Temple (1/1) D:5             Orc (0/2) D:9
  Sewer (visited)          Bailey (visited)         Gauntlet (1/1)
   Lair: D:8-11

Altars:
Ashenzari
Cheibriados
Dithmenos
Elyvilon
Fedhas
Gozag
Hepliaklqana
Kikubaaqudgha
Makhleb
Nemelex Xobeh
Okawaru
Qazlal
Ru
Sif Muna
Trog
Uskayaw
Vehumet
Xom
Yredelemnul
Zin
The Shining One

Shops:
D:8 [   D:10 *

Annotations:
Gauntlet 13 transporters, exclusions: lightning spire and 2 orange crystal statues


Innate Abilities, Weirdness & Mutations

You are a tree.
Your roots penetrate the ground, keeping you stationary.
You cannot be teleported.
You are immune to unholy pain and torment.
Your maximum health is greatly increased.
You cannot wear most types of armour.
((You are amphibious.))
You can wear up to eight rings at the same time.
((Your skin changes colour to match your surroundings (Stealth+).))
((Your rubbery body absorbs attacks. (AC +1, EV +1)))
((You are camouflaged when in or above water. (Stealth+)))
((You have tentacles for arms and can constrict up to eight enemies at once.))


Message History

You assume a fearsome visage.
The gargoyle is unaffected. x2
The molten gargoyle is unaffected.
The catoblepas resists with almost no effort.
The molten gargoyle is unaffected.
The catoblepas gores you but does no damage.
You block the molten gargoyle's attack.
The molten gargoyle blasts magma at you!
The bolt of magma hits you.
* * * LOW HITPOINT WARNING * * *
The gargoyle hits you but does no damage.
It was a potion of heal wounds.
You feel much better.
The molten gargoyle hits you with a +0 morningstar!
* * * LOW HITPOINT WARNING * * *
You are engulfed in flames.
You resist.
* * * LOW HITPOINT WARNING * * *
The molten gargoyle hits you but does no damage.
The gargoyle hits you but does no damage.
The catoblepas gores you but does no damage.
You feel much better. You block the catoblepas's attack.
The molten gargoyle hits you with a +0 morningstar.
You are engulfed in flames.
You resist.
The molten gargoyle hits you with a +0 dire flail!
* * * LOW HITPOINT WARNING * * *
You are engulfed in flames.
You resist.
* * * LOW HITPOINT WARNING * * *
The gargoyle hits you but does no damage.
Okay, then.
Okay, then.
You feel yourself speed up. The catoblepas gores you.
* * * LOW HITPOINT WARNING * * *
The molten gargoyle hits you but does no damage.
The gargoyle hits you but does no damage.
The molten gargoyle hits you but does no damage.
You feel very mighty all of a sudden.
The molten gargoyle hits you but does no damage. x2
The gargoyle hurls a stone arrow at you.
The stone arrow hits you!
* * * LOW HITPOINT WARNING * * *
The catoblepas gores you!!
You die...

#############..#.#.........#.#...
#..............#.################
#..............#.#§≈8≈≈#©........
...#############.################
...#©...........©...........©#≈§≈
#################################
.........#.#....#9...#.#...#.#...
.#.....#.#.#...#Y#...#.#..#...#..
.##...##.#.#..#9♣9#..#.#.##...##.
..##.##..#.#.#..#9.#.#.##..#.#..#
....©....#.##..#.#..##.#....©....
..#####..#.#..#...#..#.##..#.#..#
.##...##.#.#.#..#..#.#.#.#######.
.#..8..#.#.##9.#.#..##.#..#.8.#..
..:[©(...#.#9Y#.©.#9=#.#...$©?[..
##########.###########.##########
.................................


You could see a catoblepas, 2 molten gargoyles and 2 gargoyles.

Vanquished Creatures
  Gastronok (D:8)
  An orc warlord (Bailey)
  Erolcha (D:9)
  A two-headed ogre (D:10)
  A tengu warrior (Gauntlet)
  An orc knight (Bailey)
  Pikel (D:5)
  An oklob plant (Gauntlet)
  Joseph (D:8)
  A gargoyle (D:10)
  Psyche (D:8)
  2 tengu conjurers (Gauntlet)
  A hornet (D:8)
  Sigmund (D:3)
  3 wyverns
  2 wraiths
  8 yaks
  3 steam dragons
  An acid dragon (Gauntlet)
  Menkaure (D:4)
  2 water moccasins
  10 orc warriors
  A sky beast (D:6)
  3 ice beasts (D:6)
  2 ogres
  2 centaurs
  A phantom (D:7)
  2 kobold brigands
  2 lemures (D:5)
  3 bullfrogs
  3 scorpions
  A necrophage (D:6)
  9 wights
  10 killer bees
  A howler monkey (D:9)
  Crazy Yiuf (D:5)
  6 orc priests
  2 gnoll boudas
  4 hounds
  3 iguanas
  11 orc wizards
  17 gnolls
  13 adders
  A river rat (D:6)
  2 white imps
  An ufetubus (D:5)
  A worm (D:6)
  2 dart slugs
  39 orcs
  6 bats
  6 endoplasms
  2 giant cockroaches
  15 goblins
  13 hobgoblins
  12 jackals
  4 quokkas
  11 ball pythons
  5 frilled lizards
  23 kobolds
  4 rats
289 creatures vanquished.

Vanquished Creatures (collateral kills)
  2 foxfires (D:10)
2 creatures vanquished.

Vanquished Creatures (others)
  A sky beast (D:8)
  829 foxfires
  3 fungi (Gauntlet)
  11 plants (Gauntlet)
844 creatures vanquished.

Grand Total: 1135 creatures vanquished

Notes
Turn   | Place    | Note
-------+----------+-------------------------------------------
     0 | D:1      | Conn the Octopode Fire Elementalist began the quest for the
                  | Orb.
     0 | D:1      | Reached XP level 1. HP: 11/11 MP: 3/3
   235 | D:1      | Reached XP level 2. HP: 17/17 MP: 5/5
   644 | D:1      | Found a faded altar of an unknown god.
   727 | D:1      | Reached XP level 3. HP: 21/21 MP: 3/6
  1749 | D:2      | Reached XP level 4. HP: 27/27 MP: 5/8
  2218 | D:3      | Found an opulent altar of Gozag.
  2268 | D:3      | Noticed Sigmund
  2289 | D:3      | Killed Sigmund
  2290 | D:3      | Reached XP level 5. HP: 23/31 MP: 0/10
  2290 | D:3      | Reached XP level 6. HP: 27/36 MP: 0/11
  2684 | D:3      | Learned a level 2 spell: Scorch
  2688 | D:3      | Learned a level 3 spell: Conjure Flame
  2692 | D:3      | Learned a level 3 spell: Inner Flame
  3283 | D:3      | Reached skill level 1 in Maces & Flails
  3652 | D:3      | Reached skill level 1 in Fighting
  4731 | D:4      | Reached skill level 5 in Fire Magic
  4735 | D:4      | Reached XP level 7. HP: 42/43 MP: 12/12
  4902 | D:4      | Noticed Menkaure
  4906 | D:4      | Killed Menkaure
  5558 | D:5      | Entered Level 5 of the Dungeon
  5591 | D:5      | Reached skill level 1 in Long Blades
  5607 | D:5      | Reached XP level 8. HP: 37/50 MP: 3/14
  5783 | D:5      | Found a staircase to the Ecumenical Temple.
  5793 | Temple   | Entered the Ecumenical Temple
  5823 | Temple   | Became a worshipper of Sif Muna the Loreminder
  5970 | D:5      | Noticed Pikel
  5976 | D:5      | Killed Pikel
  5977 | D:5      | Reached skill level 5 in Spellcasting
  6147 | D:5      | Found an ancient bone altar of Kikubaaqudgha.
  6328 | D:5      | Found a runed translucent door.
  6329 | D:5      | Noticed Crazy Yiuf
  6411 | D:5      | Learned a level 4 spell: Flame Wave
  6657 | D:5      | Killed Crazy Yiuf
  6750 | D:6      | Reached skill level 1 in Hexes
  6750 | D:6      | Reached XP level 9. HP: 53/55 MP: 17/18
  7237 | D:6      | Found a glowing drain.
  7251 | Sewer    | Entered a sewer
  7389 | Sewer    | Reached * piety under Sif Muna
  7972 | D:7      | Reached skill level 5 in Stealth
  8140 | D:7      | Found a flagged portal.
  8148 | D:7      | Identified the +8 hand axe of Vixeji Witzi {chaos, Dex+6}
  8154 | Bailey   | Entered a bailey
  8161 | Bailey   | Noticed an orc warlord
  8238 | Bailey   | Noticed an orc knight
  8257 | Bailey   | Killed an orc knight
  8258 | Bailey   | Reached XP level 10. HP: 24/61 MP: 22/22
  8435 | Bailey   | Reached ** piety under Sif Muna
  8495 | Bailey   | Found a runed translucent gate.
  8496 | Bailey   | Found a runed translucent gate.
  8497 | Bailey   | Found a runed translucent gate.
  8684 | Bailey   | Killed an orc warlord
  8694 | Bailey   | Acquired the +1 hat of Urumeda {rPois rN+ Regen+}
  8715 | Bailey   | Identified the +6 battleaxe of Profit {vorpal, rF+ rC++}
  8920 | D:7      | Reached skill level 5 in Conjurations
  9519 | D:8      | Found Aqetony's Armour Boutique.
  9593 | D:8      | Noticed Psyche
  9600 | D:8      | Killed Psyche
  9978 | D:8      | Noticed Gastronok
  9991 | D:8      | Killed Gastronok
  9992 | D:8      | Reached skill level 10 in Fire Magic
  9992 | D:8      | Reached XP level 11. HP: 64/65 MP: 17/24
 10205 | D:8      | Reached skill level 10 in Spellcasting
 10328 | D:8      | Noticed Joseph
 10345 | D:8      | Killed Joseph
 10616 | D:9      | Reached *** piety under Sif Muna
 11184 | D:9      | Noticed Erolcha
 11193 | D:10     | Entered Level 10 of the Dungeon
 11198 | D:10     | Found an iron altar of Okawaru.
 11203 | D:10     | Found a glowing silver altar of Zin.
 11208 | D:10     | Found a basalt altar of Yredelemnul.
 11487 | D:9      | Reached skill level 1 in Invocations
 11678 | D:9      | Found a staircase to the Orcish Mines.
 11928 | D:9      | Killed Erolcha
 12203 | D:10     | Found Emo Zobu's General Store.
 12495 | D:10     | Reached **** piety under Sif Muna
 12647 | D:10     | Found a white marble altar of Elyvilon.
 12724 | D:10     | Noticed a two-headed ogre
 12728 | D:10     | Killed a two-headed ogre
 12755 | D:10     | Found a radiant altar of Vehumet.
 12835 | D:10     | Found a bloodstained altar of Trog.
 12871 | D:10     | Found a broken altar of Ashenzari.
 12891 | D:11     | Found a gate leading to a gauntlet.
 12901 | Gauntlet | Entered a Gauntlet
 12901 | Gauntlet | Found a transporter.
 12910 | Gauntlet | Found a transporter.
 12921 | Gauntlet | Noticed a shining eye
 12925 | Gauntlet | Found a transporter.
 12931 | Gauntlet | Found a transporter.
 12946 | Gauntlet | Found a transporter.
 12965 | Gauntlet | Found a transporter.
 12965 | Gauntlet | Noticed an orange crystal statue
 12974 | Gauntlet | Noticed a hell hog
 12980 | Gauntlet | Found a transporter.
 12989 | Gauntlet | Found a transporter.
 13001 | Gauntlet | Found a transporter.
 13012 | Gauntlet | Noticed a catoblepas
 13013 | Gauntlet | Found a transporter.
 13013 | Gauntlet | Noticed an orange crystal statue
 13019 | Gauntlet | Found a transporter.
 13041 | Gauntlet | Found a transporter.
 13058 | Gauntlet | Found a transporter.
 13059 | Gauntlet | Noticed an oklob plant
 13083 | Gauntlet | Noticed a tengu warrior
 13085 | Gauntlet | Found a transporter.
 13085 | Gauntlet | Found a transporter.
 13105 | Gauntlet | Found a transporter.
 13158 | Gauntlet | Found a transporter.
 13181 | Gauntlet | Killed a tengu warrior
 13182 | Gauntlet | Reached XP level 12. HP: 72/72 MP: 23/27
 13260 | Gauntlet | Found a transporter.
 13264 | Gauntlet | Identified the +1 pair of boots of Integrity {Slay+5}
 13305 | Gauntlet | Learned a level 4 spell: Cause Fear
 13497 | Gauntlet | HP: 4/108 [gargoyle/stone arrow (3)]
 13502 | Gauntlet | Mangled by a catoblepas

Illustrated notes

Levels and vault maps discovered:
D:1:      nicolae_arrival_memento_mori, layout_loops_ring,
          chequers_ecumenical_altar_simple, minivault_14, minivault_26
D:2:      layout_basic, minmay_fractal_squares_5
D:3:      layout_basic, lemuel_doored_altar, minmay_pentangle, uniq_sigmund
D:4:      minmay_evil_eye, layout_layer_cave, uniq_menkaure
D:5:      layout_loops_ring, amcnicky_altar_gilded, minmay_temple_entry_ruins,
          minmay_liquid_box, uniq_pikel, uniq_crazy_yiuf_cottage
D:6:      layout_gridville, portal_sewer_entry_c, minmay_quadrilaterals
D:7:      layout_rooms, enter_bailey_2, fountainhead
D:8:      layout_basic, serial_shops, nicolae_lakefront_shop, uniq_psyche,
          uniq_joseph, uniq_gastronok
D:9:      layout_basic, david_orc_1_choice, uniq_erolcha
D:10:     layout_small_grid, minmay_overflow_temple_star_quad,
          marbit_many_paths, nicolae_elyvilon_peaceful_grove,
          mainiacjoe_overflow_swirl, serial_shops,
          nicolae_shop_advertising_works [nicolae_subvault_shop_adworks]
D:11:     layout_stronghold, david_lair_shrubbed, enter_trove_3,
          gauntlet_entry_generic, serial_shops, shop
Temple:   nicolae_temple_bog_church
Gauntlet: gammafunk_gauntlet_one_two_three [nicolae_gauntlet_arena_blocks,
          nicolae_gauntlet_arena_quarters, gammafunk_gauntlet_arena_hedges,
          gammafunk_gauntlet_arena_split_x,
          gammafunk_gauntlet_arena_arrow_garden,
          gammafunk_gauntlet_arena_chambers, gammafunk_gauntlet_arena_spirals,
          gammafunk_gauntlet_arena_split_diamond,
          nicolae_gauntlet_arena_t_cross, gauntlet_exit_hidden_loot]

Skill      XL: |  1  2  3  4  5  6  7  8  9 10 11 12 |
---------------+-------------------------------------+-----
Stealth        | 3 4 5 |  5.6
Spellcasting   | 3 4 6 8 9 11 | 11.2
Conjurations   | 2 3 4 5 6 |  6.5
Fire Magic     | 4 5 7 8 10 11 | 11.6
Maces & Flails | 1 |  1.0
Fighting       | 1 2 |  2.5
Long Blades    | 1 2 |  2.3
Hexes          | 1 2 |  2.8
Dodging        | 3 |  3.0
Invocations    | 3 4 |  4.1
Axes           | |  0.5
Staves         | |  0.1
Shields        | |  0.3
Evocations     | |  0.2

Action                   |  1- 3 |  4- 6 |  7- 9 | 10-12 || total
-------------------------+-------+-------+-------+-------++-------
Melee: Whip              |    24 |    19 |       |       ||    43
       Constrict         |     8 |    12 |     5 |     2 ||    27
       Tentacles         |     4 |    10 |     1 |     2 ||    17
       Falchion          |       |    18 |    10 |       ||    28
       Staff             |       |     5 |       |       ||     5
       Hand axe          |       |       |     2 |     2 ||     4
       Battleaxe         |       |       |       |     7 ||     7
 Cast: Foxfire           |    62 |   109 |   123 |   198 ||   492
       Scorch            |       |     5 |    43 |   114 ||   162
       Inner Flame       |       |     1 |    11 |    27 ||    39
       Conjure Flame     |       |     1 |     1 |     7 ||     9
       Flame Wave        |       |       |     1 |     4 ||     5
Evoke: Wand              |       |       |     1 |       ||     1
  Use: Scroll            |       |     6 |     3 |    11 ||    20
       Potion            |       |       |     1 |     9 ||    10
 Stab: Sleeping          |       |     4 |     1 |     1 ||     6
       Distracted        |       |     1 |       |       ||     1
Armor: Skin              |     1 |     4 |     3 |    33 ||    41
Dodge: Dodged            |    33 |    47 |    34 |    42 ||   156
Block: Other             |       |       |       |     4 ||     4
       Reflection        |       |       |       |     1 ||     1

Table legend: (Time is in decaauts)
 A = Elapsed time spent in this place.
 B = Non-inter-level travel time spent in this place.
 C = Inter-level travel time spent in this place.
 D = Time resting spent in this place.
 E = Time spent auto-exploring this place.
 F = Levels seen in this place.
 G = Mean time per level.
                   A        B        C        D        E       F      G
               +--------+--------+--------+--------+--------+-----+--------+
         Total |  13497 |  13234 |    263 |    421 |   9694 |  15 |  899.8 |
       Dungeon |  11997 |  11744 |    253 |    333 |   8924 |  11 | 1090.6 |
        Temple |     40 |     30 |     10 |      0 |      5 |   1 |   40.0 |
         Sewer |    235 |    235 |      0 |      0 |    192 |   1 |  235.0 |
        Bailey |    622 |    622 |      0 |      0 |    364 |   1 |  622.0 |
      Gauntlet |    601 |    601 |      0 |     88 |    209 |   1 |  601.0 |
               +--------+--------+--------+--------+--------+-----+--------+

Top non-repeatable levels by time:
     D:4: 1768 daAuts
     D:3: 1642 daAuts
     D:9: 1274 daAuts
     D:8: 1180 daAuts
     D:2: 1152 daAuts
     D:5: 1114 daAuts
     D:1: 1004 daAuts
     D:6: 981 daAuts
    D:10: 978 daAuts
     D:7: 891 daAuts
  Bailey: 622 daAuts
Gauntlet: 601 daAuts
   Sewer: 235 daAuts
  Temple: 40 daAuts
    D:11: 10 daAuts
